 Dungeon Crawl Stone Soup version 0.27.1-34-g3ba077fa99 (webtiles) character file.

Game seed: 4475304129361304006

602 pkoi the Martial Artist (level 7, -1/57 HPs)
             Began as a Green Draconian Monk on Jan 7, 2022.
             Slain by a two-headed ogre (7 damage)
             ... on level 5 of the Dungeon.
             The game lasted 00:07:04 (5644 turns).

pkoi the Martial Artist (Green Draconian Monk)      Turns: 5644, Time: 00:07:04

Health: -1/57      AC:  8    Str: 19    XL:     7   Next: 18%
Magic:  7/7        EV: 12    Int: 19    God:
Gold:   237        SH:  0    Dex: 13    Spells: 6/6 levels left

rFire    . . .     SeeInvis .     - Unarmed
rCold    . . .     Faith    .   (no shield)
rNeg     . . .     Spirit   .   (armour unavailable)
rPois    +         Reflect  .   (helmet restricted)
rElec    .         Harm     .   l - +1 cloak
rCorr    .         Rampage  .   (no gloves)
Will     .....                  (no boots)
Stlth    ++........             (no amulet)
HPRegen  0.19/turn              e - +6 ring of intelligence
MPRegen  0.10/turn              n - +6 ring of strength

@: short of breath
A: breathe noxious fumes, AC +6, unfitting armour, poison resistance,
cold-blooded
a: Breathe Noxious Fumes


You were on level 5 of the Dungeon.
You visited 1 branch of the dungeon, and saw 5 of its levels.

You collected 300 gold pieces.
You spent 63 gold pieces at shops.

Inventory:

Hand Weapons
 d - a +3 short sword of draining
Missiles
 m - 2 atropa-tipped darts (quivered)
Armour
 l - a +1 cloak (worn)
Jewellery
 e - a +6 ring of intelligence (left hand)
 f - an amulet of faith
 n - a +6 ring of strength (right hand)
Wands
 j - a wand of iceblast (3)
Scrolls
 a - 4 scrolls of identify
 c - 2 scrolls of magic mapping
 g - a scroll of fog
Potions
 b - 2 potions of curing
 h - 2 potions of brilliance
 i - a potion of ambrosia {unknown}
 k - a potion of mutation {unknown}
 q - 2 potions of invisibility


   Skills:
 - Level 3.2 Fighting
 - Level 2.6 Dodging
 - Level 1.7 Stealth
 + Level 8.4 Unarmed Combat


You had 6 spell levels left.
You didn't know any spells.
Your spell library contained the following spells:

 Spells                   Type           Power      Damage    Failure   Level
 Animate Skeleton         Necr           0%         N/A       21%         1
 Apportation              Tloc           0%         N/A       21%         1
 Corona                   Hex            0%         N/A       21%         1
 Freeze                   Ice            0%         1d3       21%         1
 Pain                     Necr           0%         1d4       21%         1
 Shock                    Conj/Air       0%         1d3       21%         1
 Summon Small Mammal      Summ           0%         N/A       21%         1
 Frozen Ramparts          Ice            0%         1d2       52%         3
 Ozocubu's Armour         Ice            0%         N/A       52%         3
 Swiftness                Air            0%         N/A       52%         3
 Vampiric Draining        Necr           0%         2d6       52%         3
 Airstrike                Air            0%         N/A       90%         4
 Animate Dead             Necr           0%         N/A       90%         4
 Hailstorm                Conj/Ice       0%         3d3       90%         4
 Alistair's Intoxication  Tmut/Pois      0%         N/A       99%         5
 Borgnjor's Vile Clutch   Necr/Erth      0%         N/A       99%         5
 Metabolic Englaciation   Hex/Ice        0%         N/A       99%         5
 Death Channel            Necr           0%         N/A       100%        6
 Invisibility             Hex            0%         N/A       100%        6
 Simulacrum               Ice/Necr       0%         N/A       100%        6
 Borgnjor's Revivificati  Necr           0%         N/A       100%        8
 Necromutation            Tmut/Necr      0%         N/A       100%        8
 Death's Door             Necr           0%         N/A       100%        9


Dungeon Overview and Level Annotations

Branches:
Dungeon (5/15)
 Temple: D:4-7

Altars:
Ashenzari
Gozag
Kikubaaqudgha
Nemelex Xobeh
Qazlal
Ru
Xom

Shops:
D:2 [

Annotations:
D:5 Pikel


Innate Abilities, Weirdness & Mutations

You can breathe blasts of noxious fumes.
Your lurid green scales are hard. (AC +6)
You cannot fit into any form of body armour.
Your system is resistant to poisons. (rPois)
You are cold-blooded and may be slowed by cold attacks.


Message History

The orc is engulfed in noxious fumes.
The orc appears confused.
The orc hits the giant cockroach but does no damage.
The orc wizard is engulfed in noxious fumes.
The orc wizard appears confused.
The two-headed ogre is engulfed in noxious fumes.
The two-headed ogre misses you.
The two-headed ogre completely misses you.
You completely miss the two-headed ogre.
You tail-slap the two-headed ogre.
The two-headed ogre is lightly wounded.
The orc is engulfed in noxious fumes.
The orc appears confused.
The orc wizard closely misses the orc.
Unknown command.
You barely miss the two-headed ogre.
The two-headed ogre is lightly wounded.
The two-headed ogre is engulfed in noxious fumes.
The two-headed ogre completely misses you.
The two-headed ogre barely misses you.
The orc is engulfed in noxious fumes.
The orc appears confused.
Unknown command.
You hit the two-headed ogre but do no damage.
The two-headed ogre is lightly wounded.
The two-headed ogre is engulfed in noxious fumes.
The two-headed ogre appears confused.
The two-headed ogre misses you. The two-headed ogre closely misses you.
The orc is engulfed in noxious fumes.
The orc appears confused.
Unknown command.
You strike the helpless two-headed ogre from behind!
You hit the two-headed ogre but do no damage.
The two-headed ogre is lightly wounded.
Unknown command.
You hit the two-headed ogre.
You tail-slap the two-headed ogre, but do no damage.
The two-headed ogre is lightly wounded.
The two-headed ogre is engulfed in noxious fumes.
The two-headed ogre appears confused.
The two-headed ogre hits you with a +0 giant spiked club!
* * * LOW HITPOINT WARNING * * *
The two-headed ogre hits you with a +0 dire flail!
You die...

# #..#.#
########.##.#
.........##.#
###########.#
#.########.
#)#........
##.#.####
#.......#
#.#####@#
#####.# #O#
#.....# #°#
.........#


rB. ####.###.# ...o$ # #.. ..o°≈≈. ###...≈≈≈≈≈. #..)≈≈.≈≈.. #...≈≈≈≈≈..# You
could see a two-headed ogre (confused), an orc wizard (confused), an orc
(confused), a giant cockroach and a rat.

Vanquished Creatures
  Edmund (D:4)
  A phantom (D:5)
  3 lemures
  A howler monkey (D:4)
  2 orc priests (D:5)
  A hound (D:5)
  3 orc wizards
  A hound skeleton (D:5)
  3 adders
  3 gnolls (D:5)
  A river rat (D:5)
  A shadow imp (D:5)
  An ufetubus (D:5)
  An adder skeleton (D:5)
  A worm (D:3)
  2 dart slugs
  16 orcs
  11 ball pythons
  3 endoplasms
  3 giant cockroaches
  6 hobgoblins
  14 jackals
  7 kobolds
  2 quokkas
  3 bats
  3 frilled lizards (D:1)
  3 goblins
  6 rats
  4 toadstools (D:1)
107 creatures vanquished.

Vanquished Creatures (collateral kills)
  A ball python (D:3)
1 creature vanquished.

Vanquished Creatures (others)
  5 plants (D:5)
5 creatures vanquished.

Grand Total: 113 creatures vanquished

Notes
Turn   | Place    | Note
-------+----------+-------------------------------------------
     0 | D:1      | pkoi the Draconian Monk began the quest for the Orb.
     0 | D:1      | Reached XP level 1. HP: 19/19 MP: 1/1
   381 | D:1      | Reached XP level 2. HP: 24/26 MP: 2/2
   548 | D:1      | Reached skill level 4 in Unarmed Combat
   854 | D:2      | Reached XP level 3. HP: 31/31 MP: 3/3
  1167 | D:2      | Found Coitz's Armour Shoppe.
  1638 | D:2      | Bought a +0 cloak for 63 gold pieces
  1769 | D:3      | Found a broken altar of Ashenzari.
  1812 | D:3      | Found a faded altar of an unknown god.
  2000 | D:3      | Reached XP level 4. HP: 28/38 MP: 4/4
  2051 | D:3      | Reached skill level 5 in Unarmed Combat
  2901 | D:4      | Identified the +6 hand axe of Frustration {chaos, Int+3}
  2902 | D:4      | Found a sacrificial altar of Ru.
  3161 | D:4      | Noticed Edmund
  3166 | D:4      | Killed Edmund
  3167 | D:4      | Reached skill level 6 in Unarmed Combat
  3167 | D:4      | Reached XP level 5. HP: 45/45 MP: 5/5
  3346 | D:4      | Found a shimmering altar of Xom.
  3478 | D:4      | Reached XP level 6. HP: 50/51 MP: 6/6
  3733 | D:5      | Entered Level 5 of the Dungeon
  3790 | D:5      | Noticed Pikel
  3836 | D:5      | Reached skill level 7 in Unarmed Combat
  5025 | D:5      | Noticed a two-headed ogre
  5066 | D:5      | Found a stormy altar of Qazlal.
  5075 | D:5      | Found an ancient bone altar of Kikubaaqudgha.
  5082 | D:5      | Found an opulent altar of Gozag.
  5090 | D:5      | Found a sparkling altar of Nemelex Xobeh.
  5161 | D:5      | Reached skill level 8 in Unarmed Combat
  5167 | D:5      | Your scales start taking on a lurid green colour.
  5167 | D:5      | Reached XP level 7. HP: 21/57 MP: 7/7
  5167 | D:5      | Gained mutation: Your system is resistant to poisons.
                  | (rPois) [Green Draconian growth]
  5644 | D:5      | Slain by a two-headed ogre

Illustrated notes

Levels and vault maps discovered:
D:1:      ldierk_water_garden, layout_basic, minmay_misc_feat_tiny
D:2:      layout_basic, serial_shops, nicolae_square_shop, minivault_27,
          minmay_between
D:3:      layout_basic, cheibrodos_ashenzari_chains,
          shapermc_ecumenical_altar_venn, chequers_jeans, minmay_diced_spiral
D:4:      layout_loops_ring, xom_teletrap_fun,
          mainiacjoe_overflow_concentric_impassable, uniq_edmund
D:5:      layout_loops_ring, grunt_temple_overflow_cloverleaf,
          minmay_temple_entry_statues_fountains, portal_sewer_entry_a,
          serial_bayou_ford_a, minmay_small_thing, uniq_pikel

Skill      XL: |  1  2  3  4  5  6 |
---------------+-------------------+-----
Unarmed Combat | 4 6 8 |  8.4
Fighting       | |  3.2
Dodging        | |  2.6
Stealth        | |  1.7

Action                   |  1- 3 |  4- 6 |  7- 9 || total
-------------------------+-------+-------+-------++-------
Melee: Unarmed           |   141 |   213 |    19 ||   373
       Tailslap          |    21 |    29 |     4 ||    54
       Punch             |     2 |     4 |     1 ||     7
 Abil: Breathe Noxious F |       |       |     1 ||     1
Evoke: Wand              |       |     5 |       ||     5
  Use: Scroll            |     7 |     3 |       ||    10
       Potion            |       |     4 |       ||     4
 Stab: Sleeping          |     5 |       |       ||     5
       Distracted        |       |     1 |       ||     1
       Confused          |       |       |     1 ||     1
Armor: Skin              |    37 |    59 |     2 ||    98
Dodge: Dodged            |    98 |    94 |    15 ||   207
